 Dungeon Crawl Stone Soup version 0.29.0-4-gdea44cf6ec (webtiles) character file.

Game seed: 7813330674417375900

7 qw the Chopper (level 2, 0/17 HPs)
             Began as a Tengu Warper on Aug 28, 2022.
             Slain by a giant cockroach (2 damage)
             ... on level 1 of the Dungeon.
             The game lasted 00:00:00 (142 turns).

qw the Chopper (Tengu Warper)                        Turns: 142, Time: 00:00:01

Health: 0/17       AC:  3    Str: 11    XL:     2   Next: 0%
Magic:  6/6        EV: 11    Int: 13    God:
Gold:   11         SH:  0    Dex: 13    Spells: 5/5 levels left

rFire   . . .      SeeInvis .   a - +0 hand axe
rCold   . . .      Faith    .   (no shield)
rNeg    . . .      Spirit   .   b - +0 leather armour
rPois   .          Reflect  .   (helmet restricted)
rElec   .          Harm     .   (no cloak)
rCorr   .          Rampage  .   (no gloves)
Will    .....                   (boots unavailable)
Stlth   +.........              (no amulet)
HPRegen 0.05/turn               (no ring)
MPRegen 0.10/turn               (no ring)

@: no status effects
A: beak, talons 3
a: no special abilities


You were on level 1 of the Dungeon.
You visited 1 branch of the dungeon, and saw 1 of its levels.

You collected 11 gold pieces.


Innate Abilities, Weirdness & Mutations

You have a beak for a mouth.
You have claws for feet.


   Skills:
 - Level 2.0 Fighting
 + Level 2.9 Axes
 - Level 1.0 Throwing
 - Level 1.1 Armour
 - Level 2.1 Dodging
 - Level 2.0 Spellcasting
 - Level 2.4 Translocations


You had 5 spell levels left.
You didn't know any spells.
Your spell library contained the following spells:

 Spells                   Type           Power      Damage    Failure   Level
 Blink                    Tloc           14%        N/A       19%         2
 Gell's Gravitas          Tloc           7%         N/A       36%         3
 Lesser Beckoning         Tloc           7%         N/A       36%         3
 Teleport Other           Tloc           7%         N/A       36%         3
 Manifold Assault         Tloc           7%         N/A       98%         5

Inventory:

Hand Weapons
 a - a +0 hand axe (weapon)
Missiles
 d - 4 boomerangs of dispersal (quivered)
Armour
 b - a +0 leather armour (worn)
Scrolls
 c - a scroll of blinking
 g - a scroll of magic mapping {unknown}
Potions
 e - a potion of lignification {unknown}
 f - a potion of might {unknown}

Dungeon Overview and Level Annotations

Branches:
Dungeon (1/15)

Altars:


Message History

You barely miss the quokka.
The quokka is heavily wounded.
You barely miss the goblin.
The goblin shouts!
The quokka bites you but does no damage.
The goblin hits you but does no damage. The quokka bites you.
You closely miss the quokka.
The quokka is heavily wounded.
You hit the goblin.
You kill the goblin!
The quokka closely misses you.
You completely miss the quokka. You claw the quokka, but do no damage.
You peck the quokka, but do no damage.
The quokka is heavily wounded.
You hit the goblin.
The quokka bites you but does no damage.
The goblin hits you but does no damage.
A giant cockroach comes into view.
The quokka bites you but does no damage.
You barely miss the goblin. Your kick misses the goblin.
You peck the goblin, but do no damage.
The goblin is heavily wounded.
You hit the quokka but do no damage. The goblin hits you with a +0 dagger.
The quokka closely misses you.
You hit the goblin.
You kill the goblin!
You hit the quokka but do no damage. The quokka closely misses you.
You hit the quokka.
You kill the quokka!
You closely miss the giant cockroach. The giant cockroach barely misses you.
You have reached level 2!
You closely miss the giant cockroach. Your kick misses the giant cockroach.
The giant cockroach closely misses you. The giant cockroach barely misses you.
You hit the giant cockroach but do no damage.
You claw the giant cockroach, but do no damage.
You hit the kobold. The giant cockroach bites you.
You die...

####..# #.# ##...
###.....# .g# ..#..
##.......# #...###...#.
+#........# #..#...#...#
#.........# #.#.....#..#
##.........# #........#
#..........###.#.....#
............##.)#K!.#
#...........##.B@###...#
##..........##..#..# #..
#..........##.#...#
##...............#..#
##.........#...#...#
###.......#......#.#
####..........#...#
#####...........
.#.........


You could see a giant cockroach and a kobold.

Vanquished Creatures
  2 goblins (D:1)
  A hobgoblin (D:1)
  2 quokkas (D:1)
5 creatures vanquished.

Notes
Turn   | Place    | Note
-------+----------+-------------------------------------------
     0 | D:1      | qw the Tengu Warper began the quest for the Orb.
     0 | D:1      | Reached XP level 1. HP: 12/12 MP: 4/4
     0 | D:1      | 0 ||| qw: Version: 0.1-a-89-g26bdef1
     0 | D:1      | 0 ||| qw: Game counter: 565
     0 | D:1      | 0 ||| qw: Always use a shield: true
     0 | D:1      | 0 ||| qw: God list: Okawaru
     0 | D:1      | 0 ||| qw: Allow faded altars: false
     0 | D:1      | 0 ||| qw: Do Orc after D:15 true
     0 | D:1      | 0 ||| qw: Do second Lair branch before Depths: true
     0 | D:1      | 0 ||| qw: Lair rune preference: random
     0 | D:1      | 0 ||| qw: Plans: Normal
     0 | D:1      | 0 ||| PLANNING D:1-11
   126 | D:1      | 126 ||| Stepping ~*~*~tactically~*~*~ (stealth).
   135 | D:1      | HP: 2/12 [quokka (4)]
   141 | D:1      | Reached XP level 2. HP: 2/17 MP: 6/6
   142 | D:1      | Slain by a giant cockroach

Levels and vault maps discovered:
D:1:      dpeg_cavernosity, layout_loops_ring,
          shapermc_ecumenical_altar_totnotflames, serial_shops,
          nicolae_diamond_shop, minmay_splitting_lines

Action                   || total
-------------------------++-------
Melee: Hand axe          ||    15
       Peck              ||     4
       Kick              ||     2
Throw: Boomerang         ||     3
Armor: Leather armour    ||     7
Dodge: Dodged            ||    12

Table legend:
 A = Non-vault XP
 B = Vault XP
 C = Vault XP percentage of total XP
 D = Non-vault monster count
 E = Vault monster count
 F = Vault count percentage of total count
                 A         B        C        D         E       F
            +---------+---------+-------+---------+---------+-------
      Total |      10 |       0 |   0.0 |       5 |       0 |   0.0
            +---------+---------+-------+---------+---------+-------
        D:1 |      10 |       0 |   0.0 |       5 |       0 |   0.0
            +---------+---------+-------+---------+---------+-------
